 Dungeon Sprint DCSS version 0.23-a0-422-g30b1108 (webtiles) character file.

4720 rednecknazgul the Fencer (level 10, -9/150 HPs)
             Began as a Minotaur Gladiator on Nov 15, 2018.
             Was an Initiate of Gozag.
             Mangled by a merfolk
             ... wielding a +0 trident
              (14 damage)
             ... in the Dungeon (Sprint VII: "The Pits").
             The game lasted 00:03:17 (1131 turns).

rednecknazgul the Fencer (Minotaur Gladiator)       Turns: 1131, Time: 00:03:17

Health: -9/150     AC: 16    Str: 29    XL:     10   Next: 22%
Magic:  9/9        EV: 19    Int:  5    God:    Gozag
Gold:   2592       SH:  0    Dex: 13    Spells: 9/9 levels left

rFire    . . .     SeeInvis .   s - +2 scimitar (holy)
rCold    . . .     Gourm    .   (no shield)
rNeg     . . .     Faith    .   t - +4 chain mail
rPois    .         Spirit   .   c - +0 hat
rElec    .         Reflect  .   (no cloak)
rCorr    .         Harm     .   (no gloves)
MR       .....     NoTele   +   (no boots)
Stlth    ..........             (no amulet)
HPRegen  0.35/turn              b - +3 ring of strength
MPRegen  0.11/turn              d - +3 ring of evasion

@: berserking (expiring), gold aura, very quick
A: retaliatory headbutt, horns 2
a: Potion Petition, Call Merchant, Bribe Branch, Renounce Religion


You were in the Dungeon.
You worshipped Gozag.
Gozag was most pleased with you.
You were not hungry.

You visited 1 branch You collected 2592 gold pieces.

Inventory:

Hand Weapons
 p - a +0 long sword of flaming
 s - a +2 scimitar of holy wrath (weapon)
Armour
 c - a +0 hat (worn)
 t - a +4 chain mail (worn)
Jewellery
 b - a +3 ring of strength (left hand)
 d - a +3 ring of evasion (right hand)
Scrolls
 k - a scroll of blinking
 m - 3 scrolls of remove curse
 n - 5 scrolls of amnesia
 o - a scroll of summoning
Potions
 e - 7 potions of curing
 g - 9 potions of heal wounds
 h - a potion of haste
 i - 4 potions of magic
 j - a potion of berserk rage
 l - a potion of invisibility
 q - a potion of agility
 r - a potion of brilliance
Comestibles
 f - 7 rations


   Skills:
 + Level 12.9 Fighting
 * Level 17.5 Long Blades
 - Level 2.0 Throwing
 + Level 12.7 Armour
 + Level 12.2 Dodging


You had 9 spell levels left.
You didn't know any spells.
Your spell library was empty.

Dungeon Overview and Level Annotations

Branches:
Dungeon (1/1)

Altars:
Ashenzari
Cheibriados
Dithmenos
Elyvilon
Fedhas
Gozag
Hepliaklqana
Kikubaaqudgha
Makhleb
Nemelex Xobeh
Okawaru
Qazlal
Ru
Sif Muna
Trog
Uskayaw
Vehumet
Wu Jian
Xom
Yredelemnul
Zin
The Shining One
Beogh
Jiyva
Lugonu

Annotations:
D Pikel


Innate Abilities, Weirdness & Mutations

You reflexively headbutt those who attack you in melee.
You have a pair of horns on your head.


Message History

The blink frog blinks!
A blink frog comes into view. x2
The merfolk closely misses you. You furiously retaliate!
You headbutt the merfolk.
You riposte.
You slice the merfolk!!
The merfolk is almost dead.
You slash the merfolk!
You kill the merfolk!
The blink frog blinks!
The merfolk misses you.
Unknown command.
Your chain mail prevents you from hitting the merfolk.
Your headbutt misses the merfolk.
Unknown command.
You slash the hell hound!
The hell hound convulses.
The hell hound is severely wounded.
The hell hound is no longer distracted by gold.
The hell hound completely misses you.
A slave comes into view.
The merfolk hits you with a +0 trident!
You die...
Your body crumbles into a pile of gold.

..<...##.....##..##
......##...###....### .
......##..##........## p#
......##''#...#..#...#F..
########...).........Fp
########''#...#..#...#
.#..[[##..##....FhK.# #.
.#..[[##...###..hm# #...
.'..))##.....##.@##.....
.#..).###.....'$$$.....#
.#..))# ###..('($'...###
####### ############


You could see a merfolk, Pikel, 3 blink frogs, 2 hell hounds and 2 slaves.

Vanquished Creatures
  A merfolk javelineer (D)
  A swamp dragon (D)
  A komodo dragon (D)
  2 guardian mummies (D)
  2 polar bears (D)
  A merfolk (D)
  A snapping turtle (D)
  A spriggan (D)
  A ynoxinul (D)
  2 hungry ghosts (D)
  A warg (D)
  3 hell hounds (D)
  A floating eye (D)
  A porcupine (D)
  A necrophage (D)
  3 wolves (D)
  An eye of draining (D)
  Blork the orc (D)
  A bullfrog (D)
  An iron imp (D)
  An iguana (D)
  An adder (D)
  4 river rats (D)
  An ufetubus (D)
  An ooze (D)
  An orc (D)
  2 hobgoblins (D)
  3 jackals (D)
  A quokka (D)
  A ball python (D)
  3 kobolds (D)
  A quokka zombie (D)
  A rat (D)
48 creatures vanquished.

Vanquished Creatures (others)
  A wolf (D)
1 creature vanquished.

Grand Total: 49 creatures vanquished

Notes
Turn   | Place    | Note
-------+----------+-------------------------------------------
     0 | D        | rednecknazgul the Minotaur Gladiator began the quest for
                  | the Orb.
     0 | D        | Reached XP level 1. HP: 18/18 MP: 0/0
    36 | D        | Found a bloodstained altar of Trog.
    36 | D        | Found a deep blue altar of Sif Muna.
    36 | D        | Found a viscous altar of Jiyva.
    36 | D        | Found a hazy altar of Hepliaklqana.
    36 | D        | Found an opulent altar of Gozag.
    37 | D        | Found a glowing golden altar of the Shining One.
    37 | D        | Found a glowing silver altar of Zin.
    37 | D        | Found a basalt altar of Yredelemnul.
    37 | D        | Found a shimmering altar of Xom.
    37 | D        | Found an ornate altar of the Wu Jian Council.
    37 | D        | Found a sacrificial altar of Ru.
    37 | D        | Found a stormy altar of Qazlal.
    37 | D        | Found an iron altar of Okawaru.
    37 | D        | Found a sparkling altar of Nemelex Xobeh.
    37 | D        | Found a burning altar of Makhleb.
    37 | D        | Found a blossoming altar of Fedhas.
    37 | D        | Found a white marble altar of Elyvilon.
    37 | D        | Found a shadowy altar of Dithmenos.
    37 | D        | Found a snail-covered altar of Cheibriados.
    39 | D        | Found a radiant altar of Vehumet.
    39 | D        | Found a corrupted altar of Lugonu.
    39 | D        | Found a roughly hewn altar of Beogh.
    40 | D        | Found a hide-covered altar of Uskayaw.
    40 | D        | Found an ancient bone altar of Kikubaaqudgha.
    40 | D        | Found a shattered altar of Ashenzari.
    44 | D        | Became a worshipper of Gozag Ym Sagoz the Greedy
    56 | D        | Reached skill level 4 in Long Blades
    60 | D        | Noticed a floating eye
    65 | D        | Killed a floating eye
    65 | D        | Reached skill level 5 in Fighting
    65 | D        | Reached skill level 7 in Long Blades
    65 | D        | Reached skill level 5 in Dodging
    65 | D        | Reached XP level 2. HP: 7/29 MP: 1/1
    65 | D        | Reached XP level 3. HP: 9/36 MP: 2/2
    65 | D        | Reached XP level 4. HP: 11/42 MP: 3/3
   283 | D        | Noticed a warg
   286 | D        | Reached skill level 8 in Long Blades
   303 | D        | Killed a warg
   303 | D        | Reached skill level 9 in Long Blades
   303 | D        | Reached XP level 5. HP: 13/51 MP: 4/4
   607 | D        | Reached skill level 10 in Long Blades
   608 | D        | Noticed a necrophage
   612 | D        | Killed a necrophage
   612 | D        | Reached XP level 6. HP: 57/60 MP: 5/5
   624 | D        | Reached skill level 11 in Long Blades
   645 | D        | Noticed a snapping turtle
   664 | D        | Killed a snapping turtle
   664 | D        | Reached skill level 12 in Long Blades
   664 | D        | Reached XP level 7. HP: 55/69 MP: 6/6
   667 | D        | Noticed Blork the orc
   682 | D        | Killed Blork the orc
   692 | D        | Noticed a hungry ghost
   692 | D        | Noticed a spriggan
   692 | D        | Noticed a komodo dragon
   700 | D        | Killed a spriggan
   705 | D        | Killed a hungry ghost
   705 | D        | Reached skill level 13 in Long Blades
   708 | D        | Killed a komodo dragon
   708 | D        | Reached skill level 10 in Fighting
   708 | D        | Reached XP level 8. HP: 62/79 MP: 7/7
   817 | D        | Noticed a polar bear
   827 | D        | Killed a polar bear
   827 | D        | Reached skill level 14 in Long Blades
   827 | D        | Reached skill level 10 in Armour
   842 | D        | Noticed a guardian mummy
   847 | D        | Killed a guardian mummy
   847 | D        | Reached skill level 10 in Dodging
   865 | D        | Reached skill level 15 in Long Blades
   865 | D        | Reached XP level 9. HP: 55/89 MP: 1/8
   875 | D        | Noticed a swamp dragon
   875 | D        | Noticed a guardian mummy
   883 | D        | Killed a guardian mummy
   898 | D        | Killed a swamp dragon
   898 | D        | Reached skill level 16 in Long Blades
  1092 | D        | Noticed a polar bear
  1098 | D        | Noticed a merfolk javelineer
  1104 | D        | Killed a polar bear
  1109 | D        | Noticed a merfolk
  1112 | D        | Noticed a merfolk
  1125 | D        | Killed a merfolk javelineer
  1125 | D        | Reached skill level 17 in Long Blades
  1125 | D        | Reached XP level 10. HP: 25/100 MP: 9/9
  1127 | D        | Noticed Pikel
  1127 | D        | HP: 4/150 [merfolk/+0 trident (6)]
  1131 | D        | Mangled by a merfolk

Vault maps used:
D:        pitsprint

Skill      XL: |  1  2  3  4  5  6  7  8  9 |
---------------+----------------------------+-----
Long Blades    | 7 9 10 12 13 15 17 | 17.5
Fighting       | 5 6 7 8 10 11 12 | 12.9
Armour         | 4 6 7 8 9 10 12 | 12.7
Dodging        | 5 6 7 8 9 10 12 | 12.2
Throwing       | |  2.0

Action                   |  1- 3 |  4- 6 |  7- 9 | 10-12 || total
-------------------------+-------+-------+-------+-------++-------
Melee: Long sword        |     7 |    56 |    24 |       ||    87
       Headbutt          |     2 |    20 |    24 |       ||    46
       Scimitar          |       |       |    66 |     5 ||    71
Throw: Throwing net      |       |     5 |       |       ||     5
  Use: Potion            |       |       |     8 |       ||     8
 Stab: Held in net/web   |       |     4 |       |       ||     4
       Invisible         |       |       |     2 |       ||     2
  Eat: Ration            |       |       |     2 |       ||     2
Armor: Leather armour    |       |     1 |       |       ||     1
       Chain mail        |       |     4 |    32 |       ||    36
Dodge: Dodged            |     2 |    25 |    51 |     4 ||    82
       Rpst.: Long sword |     1 |    12 |     4 |       ||    17
       Scimitar          |       |       |     6 |     1 ||     7

Table legend:
 A = Non-vault XP
 B = Vault XP
 C = Vault XP percentage of total XP
 D = Non-vault monster count
 E = Vault monster count
 F = Vault count percentage of total count
                 A         B        C        D         E       F
            +---------+---------+-------+---------+---------+-------
      Total |       0 |    6743 | 100.0 |       0 |      49 | 100.0
            +---------+---------+-------+---------+---------+-------
          D |       0 |    6743 | 100.0 |       0 |      49 | 100.0
            +---------+---------+-------+---------+---------+-------
